 Dungeon Crawl Stone Soup version 0.30-a0-743-gbfdf073431 (webtiles) character file.

Game seed: 5775292822626181310

39 RapScallion the Basher (level 3, 0/28 HPs)
             Began as a Gnoll Wanderer on Feb 7, 2023.
             Slain by a goblin
             ... wielding a +1 dagger of speed
             ... led by Robin
              (4 damage)
             ... on level 1 of the Dungeon.
             The game lasted 00:02:24 (918 turns).

RapScallion the Basher (Gnoll Wanderer)              Turns: 918, Time: 00:02:25

Health: 0/28       AC:  3    Str: 13    XL:     3   Next: 45%
Magic:  4/4        EV: 12    Int: 10    God:
Gold:   17         SH:  0    Dex: 12    Spells: 3/3 levels left

rFire   . . .      SeeInvis .    k - +3 trident
rCold   . . .      Faith    .    (no shield)
rNeg    . . .      Spirit   .    f - +0 leather armour
rPois   .          Reflect  .    (no helmet)
rElec   .          Harm     .    (no cloak)
rCorr   .          Rampage  .    (no gloves)
Will    .....                    (no boots)
Stlth   +                        (no amulet)
HPRegen 0.24/turn                (no ring)
MPRegen 0.09/turn                (no ring)

@: no status effects
A: fangs 1, strong nose, distributed training
a: no special abilities


You were on level 1 of the Dungeon.
You visited 1 branch of the dungeon, and saw 2 of its levels.

You collected 17 gold pieces.

Inventory:

Hand Weapons
 a - a +2 mace
 d - a +0 dagger
 k - a +3 trident (weapon)
Missiles
 c - 7 poisoned darts (quivered)
Armour
 f - a +0 leather armour (worn)
Scrolls
 g - 2 scrolls of vulnerability {unknown}
 i - a scroll of enchant weapon {unknown}
 j - a scroll of torment {unknown}
 m - a scroll of fear {unknown}
 n - 2 scrolls of immolation {unknown}
 o - a scroll of identify {unknown}
 p - a scroll of fog {unknown}
 q - a scroll of amnesia {unknown}
Potions
 b - a potion of attraction
 e - 2 potions of invisibility
 h - a potion of curing {unknown}
 l - a potion of brilliance {unknown}
 r - a potion of mutation {unknown}


   Skills:
 + Level 2.6 Fighting
 + Level 0.9 Short Blades
 + Level 0.9 Long Blades
 + Level 0.9 Axes
 + Level 8.5 Maces & Flails
 + Level 0.9 Polearms
 + Level 0.9 Staves
 + Level 0.9 Ranged Weapons
 + Level 6.5 Throwing
 + Level 0.9 Armour
 + Level 2.6 Dodging
 + Level 0.9 Stealth
 + Level 0.9 Shields
 + Level 0.9 Unarmed Combat
 + Level 0.9 Spellcasting
 + Level 0.6 Conjurations
 + Level 0.6 Hexes
 + Level 0.6 Summonings
 + Level 0.6 Necromancy
 + Level 0.6 Translocations
 + Level 0.6 Transmutations
 + Level 0.6 Fire Magic
 + Level 0.6 Ice Magic
 + Level 0.6 Air Magic
 + Level 0.6 Earth Magic
 + Level 0.6 Poison Magic
 + Level 1.0 Invocations
 + Level 2.6 Evocations


You had 3 spell levels left.
You didn't know any spells.
Your spell library contained the following spells:

 Spells                   Type           Power      Damage    Failure   Level
 Necrotise                Necr           4%         1d4       34%         1
 Vampiric Draining        Necr           1%         2d6       71%         3
 Agony                    Necr           1%         N/A       100%        5


Dungeon Overview and Level Annotations

Branches:
Dungeon (2/15)

Altars:

Shops:
D:1 :

Annotations:
D:2 Robin


Innate Abilities, Weirdness & Mutations

You have very sharp teeth.
Your uncanny sense of smell can sniff out nearby items.
Your experience applies equally to all skills.


Message History

The goblin hits you with a +1 dagger of speed.
You hear a shout! x2
You climb upwards.
There is a stone staircase leading down here.
You barely miss the goblin.
The goblin is heavily wounded.
The goblin closely misses you. x2
You hit the goblin.
You kill the goblin!
The goblin hits you with a +0 dagger. x2
You hit the goblin.
You kill the goblin!
The goblin hits you with a +1 dagger of speed.
The goblin misses you.
You barely miss the goblin. Your bite misses the goblin.
The goblin hits you with a +1 dagger of speed. x2
You are too injured to fight recklessly!
You are too injured to fight recklessly!
You are too injured to fight recklessly!
You are too injured to fight recklessly!
You are too injured to fight recklessly!
You are too injured to fight recklessly!
You are too injured to fight recklessly!
You are too injured to fight recklessly!
Reach: k) +3 trident
Press: ? - help, Dir - move target, f - goblin
Aim: a goblin, wielding a +1 dagger of speed (strong, about 47% to evade your +3 trident)
You hit the goblin.
The goblin is severely wounded.
The goblin hits you with a +1 dagger of speed.
* * * LOW HITPOINT WARNING * * *
The goblin hits you with a +1 dagger of speed.
* * * LOW HITPOINT WARNING * * *
Reach: k) +3 trident
Press: ? - help, Dir - move target, p - goblin You swing at nothing.
The goblin hits you with a +1 dagger of speed.
* * * LOW HITPOINT WARNING * * *
The goblin hits you with a +1 dagger of speed.
You die...

#.####รท#.###########
#####.# ##.## ..(...#
#.###### #######
#......# ######.# #.#
#.# #)# #@# #g#
############.#
#..........#.#
#.########.#.# #.#
#.......# #.#
#.###.###
#####.####.# #.#
.......>...# #.#


You could see a goblin (strong).

Vanquished Creatures
  A worm (D:2)
  3 bats
  2 endoplasms
  12 goblins
  3 hobgoblins (D:1)
  3 kobolds (D:1)
  3 ball pythons
  A frilled lizard (D:1)
  3 rats
31 creatures vanquished.

Notes
Turn   | Place    | Note
-------+----------+-------------------------------------------
     0 | D:1      | RapScallion the Gnoll Wanderer began the quest for the Orb.
     0 | D:1      | RapScallion set off with the following items: a +2 mace, a
                  | potion of attraction, 7 poisoned darts, a +0 dagger, a
                  | potion of invisibility, a +0 leather armour.
     0 | D:1      | Reached XP level 1. HP: 17/17 MP: 1/1
    55 | D:1      | Reached XP level 2. HP: 23/23 MP: 2/2
   149 | D:1      | Found Zogon's Book Shop.
   631 | D:1      | Found a faded altar of an unknown god.
   844 | D:2      | Reached XP level 3. HP: 28/28 MP: 3/3
   903 | D:2      | Reached skill level 1 in Invocations
   910 | D:2      | Noticed Robin
   918 | D:1      | Slain by a goblin

Illustrated notes

Levels and vault maps discovered:
D:1:      dpeg_arrival_morbid_curiosity, layout_loops_ring, serial_shops,
          nicolae_square_shop, shapermc_ecumenical_altar_mp_urbaneastern
D:2:      layout_rooms, st_stairs_10, uniq_robin, uniq_terence

Skill      XL: |  1  2  3 |
---------------+----------+-----
Invocations    | 1 |  1.0
Fighting       | |  2.6
Short Blades   | |  0.9
Long Blades    | |  0.9
Axes           | |  0.9
Maces & Flails | |  8.5
Polearms       | |  0.9
Staves         | |  0.9
Ranged Weapons | |  0.9
Throwing       | |  6.5
Armour         | |  0.9
Dodging        | |  2.6
Stealth        | |  0.9
Shields        | |  0.9
Unarmed Combat | |  0.9
Spellcasting   | |  0.9
Conjurations   | |  0.6
Hexes          | |  0.6
Summonings     | |  0.6
Necromancy     | |  0.6
Translocations | |  0.6
Transmutations | |  0.6
Fire Magic     | |  0.6
Ice Magic      | |  0.6
Air Magic      | |  0.6
Earth Magic    | |  0.6
Poison Magic   | |  0.6
Evocations     | |  2.6

Action                     || total
---------------------------++-------
  Melee: Mace              ||    14
         Bite              ||     5
         Trident           ||    50
 Armour: Leather armour    ||    18
  Dodge: Dodged            ||    41

Table legend: (Time is in decaauts)
 A = Elapsed time spent in this place.
 B = Non-inter-level travel time spent in this place.
 C = Inter-level travel time spent in this place.
 D = Time resting spent in this place.
 E = Time spent auto-exploring this place.
 F = Levels seen in this place.
 G = Mean time per level.
                   A        B        C        D        E       F      G
               +--------+--------+--------+--------+--------+-----+--------+
         Total |    931 |    894 |     37 |     14 |    693 |   2 |  465.5 |
       Dungeon |    931 |    894 |     37 |     14 |    693 |   2 |  465.5 |
               +--------+--------+--------+--------+--------+-----+--------+

Top non-repeatable levels by time:
     D:1: 849 daAuts
     D:2: 81 daAuts
